 Dungeon Crawl Stone Soup version 0.28.0-47-ge53b351184 (webtiles) character file.

Game seed: 980100840358529444

42 Cak3Hol3 the Covered (level 3, -2/1 (30) HPs)
             Began as a Formicid Fighter on May 4, 2022.
             Slain by a gnoll
             ... wielding a +0 spear
              (3 damage)
             ... on level 2 of the Dungeon.
             The game lasted 00:05:21 (1543 turns).

Cak3Hol3 the Covered (Formicid Fighter)             Turns: 1543, Time: 00:05:21

HP:   -2/1 (30)     AC:  7    Str: 20    XL:     3   Next: 80%
MP:   3/3           EV:  9    Int:  7    God:
Gold: 27            SH:  4    Dex: 12    Spells: 2/2 levels left

rFire   . . .      SeeInvis +   a - +0 war axe
rCold   . . .      Faith    .   c - +0 buckler
rNeg    . . .      Spirit   .   b - +0 scale mail
rPois   .          Reflect  .   (helmet unavailable)
rElec   .          Harm     .   (no cloak)
rCorr   .          Rampage  .   (no gloves)
Will    .....                   (no boots)
Stlth   ..........              (no amulet)
HPRegen 0.01/turn               (no ring)
MPRegen 0.08/turn               (no ring)

@: extremely drained
A: permanent stasis, dig shafts and tunnels, antennae 3, four strong arms
a: Dig, Shaft Self


You were on level 2 of the Dungeon.
You visited 1 branch of the dungeon, and saw 2 of its levels.

You collected 27 gold pieces.

Inventory:

Hand Weapons
 a - a +0 war axe (weapon)
 h - a +2 vampiric spear
Armour
 b - a +0 scale mail (worn)
 c - a +0 buckler (worn)
 g - a +0 buckler
Scrolls
 e - a scroll of identify {unknown}
 f - a scroll of noise {unknown}
Potions
 d - 2 potions of might
 i - a potion of flight {unknown}


   Skills:
 + Level 3.7 Fighting
 + Level 2.7 Axes
 + Level 3.8 Armour
 + Level 0.3 Dodging
 + Level 3.8 Shields


You had 2 spell levels left.
You didn't know any spells.
Your spell library contained the following spells:

 Spells                   Type           Power      Damage    Failure   Level
 Magic Dart               Conj           0%         1d3       85%         1
 Searing Ray              Conj           0%         2d4       94%         2
 Fulminant Prism          Conj/Hex       0%         3d6       100%        4


Dungeon Overview and Level Annotations

Branches:
Dungeon (2/15)

Altars:
Zin


Innate Abilities, Weirdness & Mutations

You cannot be hasted, slowed, berserked, paralysed or teleported.
You can dig through walls and to a lower floor.
You have a pair of large antennae on your head. (SInv)
Your four strong arms can wield two-handed weapons with a shield.


Message History

You kill the kobold!
There is an open door here.
Items here: ( )) ††.
Non-targeted abil: Dig
Press: ? - help, Q - select action, (/) - cycle Dir - look around, f - activate
Okay, then.
Okay, then.
Non-targeted abil: Dig
Press: ? - help, Q - select action, (/) - cycle Dir - look around, f - activate You extend your mandibles.
You dig through the rock wall.
You feel drained.
You dig through the rock wall.
You feel drained.
You dig through the rock wall.
You feel drained.
You dig through the rock wall.
You feel drained.
You dig through the rock wall.
You feel drained.
You dig through the rock wall.
You feel drained.
You dig through the rock wall.
You feel drained.
You dig through the rock wall.
You feel drained.
You dig through the rock wall.
You feel drained.
You dig through the rock wall.
You feel drained.
You dig through the rock wall.
You feel drained.
You dig through the rock wall.
You feel drained.
You dig through the rock wall.
You feel drained.
You dig through the rock wall.
You feel drained.
You dig through the rock wall.
You feel drained.
You dig through the rock wall.
You feel drained.
You dig through the rock wall.
You feel drained.
You dig through the rock wall.
You feel drained.
You dig through the rock wall.
You feel drained.
You dig through the rock wall.
You feel drained.
You retract your mandibles.
Found a stone staircase leading down.
A gnoll comes into view. It is wielding a +0 spear.
The gnoll shouts!
A gnoll comes into view. It is wielding a +0 club.
A gnoll comes into view. It is wielding a +0 spear.
The gnoll shouts! x2
A gnoll comes into view. It is wielding a +0 halberd.
The gnoll closely misses you. The gnoll hits you with a +0 spear.
Ouch! That really hurt!
You die...

#.
#..............
##.##
#..###.#######.
#...###..## ...
#.........#
##..
#...###..### .
. ####.##....#
.. #.##..≈.≈..
.. #....>...≈.≈
#@##..≈≈≈≈≈≈
#g###.≈.≈≈≈≈
#gg....≈≈≈≈≈
g......≈≈
...#.#..≈≈
....#.# ..≈
#....#.# ≈≈
#..... . ≈
#...## #


You could see 4 gnolls.

Vanquished Creatures
  A gnoll (D:1)
  A worm (D:2)
  3 ball pythons (D:1)
  A bat (D:1)
  5 endoplasms
  3 hobgoblins (D:1)
  A quokka (D:1)
  2 frilled lizards
  6 kobolds
  5 rats
28 creatures vanquished.

Notes
Turn   | Place    | Note
-------+----------+-------------------------------------------
     0 | D:1      | Cak3Hol3 the Formicid Fighter began the quest for the Orb.
     0 | D:1      | Reached XP level 1. HP: 18/18 MP: 1/1
   167 | D:1      | Reached XP level 2. HP: 10/18 MP: 2/2
   869 | D:1      | Reached XP level 3. HP: 24/24 MP: 3/3
  1328 | D:2      | Found a glowing silver altar of Zin.
  1543 | D:2      | Slain by a gnoll

Illustrated notes

Levels and vault maps discovered:
D:1:      dpeg_arrival_tiny_a, layout_basic, minmay_misc_feat_plants
D:2:      minmay_chambers_of_ones, layout_basic,
          chequers_ecumenical_altar_island, basic_altar

Action                   || total
-------------------------++-------
Melee: War axe           ||    80
 Abil: Dig               ||     4
Armor: Scale mail        ||    30
Dodge: Dodged            ||    34
Block: Buckler           ||    14
